 Dungeon Crawl Stone Soup version 5.5-19-gbfab8aa (webtiles) character file.

11 stpyramids the Fighter (level 9, -1/147 HPs) *CASUAL*
             Began as a Titan Transmuter on Apr 20, 2018.
             Slain by a killer bee (4 damage)
             ... on level 7 of the Dungeon.
             The game lasted 00:08:45 (5925 turns).

stpyramids the Fighter (Titan Transmuter)           Turns: 5925, Time: 00:08:45

Health: -1/147     AC:  2 (0%)Str: 22   XL:     9   Next: 57%
Magic:  16/17      EV: 19    Int: 21    God:
Gold:   351        SH:  0    Dex: 19    Spells: 7/16 levels left

rFire    + . .     SeeInvis .     - Unarmed
rCold    . . .     Faith    .   (shield currently unavailable)
rNeg     . . .     Spirit   .   (armour currently unavailable)
rPois    x         Reflect  .   (helmet currently unavailable)
rElec    .                      (cloak currently unavailable)
rCorr    .                      (gloves unavailable)
MR       .....                  (boots unavailable)
Stlth    ..........             (no amulet)
Regen    0.4/turn               d - ring of wizardry
MPRegen  0.3/turn               g - ring of fire

@: berserking (expiring), lethally poisoned (-1 -> -3), spider-form, very quick
A: unfitting armour, blink, high mp 1
a: End Transformation, Blink


You were on level 7 of the Dungeon.
You were not hungry.
You were a venomous arachnid creature.
You visited 1 branch of the dungeon, and saw 7 of its levels.

You collected 351 gold pieces.

Inventory:

Hand Weapons
 e - a +1 dagger of flaming (melded)
Missiles
 a - 96 arrows
 f - 5 curare darts
 k - 35 large rocks
 s - 44 javelins (quivered)
 A - 8 frenzy darts
Armour
 b - a +0 robe (melded)
 c - a +0 cloak (melded)
Jewellery
 d - a ring of wizardry (left front leg)
 g - a ring of fire (right front leg)
 q - an uncursed ring of resist corrosion
Wands
 i - a wand of lightning (4)
Scrolls
 h - a scroll of enchant armour
 l - 3 scrolls of enchant weapon
 m - a scroll of teleportation
 n - a scroll of noise
 r - 3 scrolls of fog
 t - 2 scrolls of fear
 v - 2 scrolls of immolation
 y - a scroll of amnesia
Potions
 j - a potion of ambrosia
 o - 3 potions of mutation
 p - a potion of invisibility
 u - a potion of haste
 w - a potion of cancellation
 x - a potion of flight
 z - a potion of berserk rage


   Skills:
 + Level 9.1 Fighting
 - Level 1.7 Dodging
 + Level 7.6 Unarmed Combat
 - Level 8.8 Transmutations


You had 7 spell levels left.
You knew the following spells:

 Your Spells              Type           Power        Failure   Level  Hunger
a - Beastly Appendage     Tmut           37 (50)      1%          1    N/A
b - Spider Form           Tmut           37 (200)     1%          3    N/A
c - Blade Hands           Tmut           37 (200)     5%          5    N/A

Dungeon Overview and Level Annotations

Branches:
Dungeon (7/15)


Innate Abilities, Weirdness & Mutations

You are too large for most types of armour.
You have an increased reservoir of magic. (+10% MP)
((You are resistant to electric shocks. (rElec)))
You can translocate small distances at will.
((Your system is resistant to poisons. (rPois)))
((Your movements are less encumbered by armour. (ER -6)))


Message History

You kill the killer bee!
You feel very sick. The killer bee stings you (10)!
* * * LOW HITPOINT WARNING * * *
You barely miss the killer bee.
You feel sick.
You barely miss the killer bee.
You feel sick. The killer bee completely misses you.
You barely miss the killer bee.
You feel sick. The killer bee closely misses you.
The killer bee barely misses you.
You maul the killer bee (32)!!
You kill the killer bee!
Your base Fighting skill increases to level 9!
You hit the killer bee (2).
The killer bee is poisoned.
The killer bee is lightly wounded.
You feel sick. The killer bee closely misses you.
You maul the killer bee (22)!!
You kill the killer bee!
Your life force feels restored.
You closely miss the killer bee.
You feel sick. The killer bee stings you (4).
You die...

y... #.#. #...
.... ..#
###..####.####.#
....##.....##.##
#..#.......#..#
#..#......$#$.
#..[..._.....#
#..#.......#.#
#..#.......#s#
....##.....##y#
###.)####.####y#
#.......y....#
#$........y.##
#############


You could see 2 killer bees.

Vanquished Creatures
  Sigmund (D:5)
  2 black bears (D:6)
  An ogre (D:4)
  2 bullfrogs
  A water moccasin skeleton (D:4)
  4 killer bees (D:7)
  3 wights (D:6)
  2 howler monkeys
  A centaur zombie (D:5)
  2 hounds (D:6)
  A gnoll shaman (D:5)
  6 worker ants
  An orc wizard (D:4)
  An iguana (D:4)
  A hound skeleton (D:6)
  A howler monkey skeleton (D:4)
  4 gnolls (D:5)
  9 adders
  A shadow imp (D:6)
  An ooze (D:2)
  2 adder skeletons (D:4)
  3 dart slugs
  13 orcs
  A quokka (D:2)
  2 ball pythons (D:3)
  A giant cockroach (D:1)
  17 hobgoblins
  6 jackals
  10 frilled lizards
  8 goblins
  8 kobolds
  A quokka skeleton (D:4)
  7 rats
124 creatures vanquished.

Notes
Turn   | Place    | Note
-------+----------+-------------------------------------------
     0 | D:1      | stpyramids the Titan Transmuter began the quest for the Orb.
     0 | D:1      | Reached XP level 1. HP: 19/19 MP: 4/4
   236 | D:1      | Reached XP level 2. HP: 24/27 MP: 5/5
   651 | D:1      | Reached XP level 3. HP: 33/33 MP: 7/7
   937 | D:2      | Found a faded altar of an unknown god.
  1162 | D:2      | Reached XP level 4. HP: 40/41 MP: 9/9
  1172 | D:2      | Found a shimmering altar of Xom.
  1338 | D:2      | Reached skill level 5 in Transmutations
  1361 | D:2      | Found a sacrificial altar of Ru.
  1395 | D:2      | Learned a level 3 spell: Spider Form
  1463 | D:2      | Reached XP level 5. HP: 46/48 MP: 11/11
  2136 | D:3      | Reached XP level 6. HP: 53/55 MP: 13/13
  2146 | D:3      | Learned a level 5 spell: Blade Hands
  2950 | D:3      | Found a burning altar of Makhleb.
  2950 | D:3      | Found a basalt altar of Yredelemnul.
  2950 | D:3      | Found a radiant altar of Vehumet.
  2950 | D:3      | Found a hide-covered altar of Uskayaw.
  2950 | D:3      | Found a white marble altar of Elyvilon.
  2950 | D:3      | Found a sacrificial altar of Ru.
  2950 | D:3      | Found an ancient bone altar of Kikubaaqudgha.
  2951 | D:3      | Found a glowing golden altar of the Shining One.
  2951 | D:3      | Found a shadowy altar of Dithmenos.
  2954 | D:3      | Found a glowing silver altar of Zin.
  2957 | D:3      | Found a deep blue altar of Sif Muna.
  3326 | D:4      | Reached XP level 7. HP: 53/62 MP: 10/10
  3692 | D:4      | Found a snail-covered altar of Cheibriados.
  4324 | D:4      | Gained mutation: Your system is resistant to poisons. (rPois) [mutagenic hatch]
  4324 | D:5      | Entered Level 5 of the Dungeon
  4414 | D:5      | Reached skill level 2 in Fighting
  4414 | D:5      | Reached XP level 8. HP: 67/72 MP: 13/13
  4551 | D:5      | Noticed Sigmund
  4557 | D:5      | Killed Sigmund
  4557 | D:5      | Reached skill level 4 in Fighting
  4596 | D:5      | Reached skill level 5 in Fighting
  4614 | D:5      | Reached skill level 5 in Unarmed Combat
  5065 | D:5      | Gained mutation: You can translocate small distances at will. [mutagenic hatch]
  5076 | D:6      | Reached skill level 6 in Fighting
  5218 | D:6      | Found a sparkling altar of Nemelex Xobeh.
  5219 | D:6      | Found a viscous altar of Jiyva.
  5221 | D:6      | Found an opulent altar of Gozag.
  5294 | D:6      | Reached XP level 9. HP: 92/92 MP: 15/15
  5311 | D:6      | Found a bloodstained altar of Trog.
  5316 | D:6      | Reached skill level 7 in Fighting
  5727 | D:6      | Reached skill level 8 in Fighting
  5890 | D:6      | Gained mutation: Your movements are less encumbered by armour. (ER -6) [mutagenic hatch]
  5890 | D:7      | Found an ornate altar of the Wu Jian Council.
  5918 | D:7      | HP: 6/145 [killer bee (10)]
  5922 | D:7      | Reached skill level 9 in Fighting
  5923 | D:7      | HP: 3/147 [poisoned by a killer bee]
  5925 | D:7      | Slain by a killer bee

Skill      XL: |  1  2  3  4  5  6  7  8  9 |
---------------+----------------------------+-----
Transmutations | 3 4 5 6 7 8 |  8.8
Fighting       | 2 6 9 |  9.1
Unarmed Combat | 6 7 |  7.6
Dodging        | |  1.7

Action                   |  1- 3 |  4- 6 |  7- 9 || total
-------------------------+-------+-------+-------++-------
Melee: Unarmed           |    22 |     7 |   122 ||   151
       Kick              |    20 |    30 |       ||    50
       Dagger            |    35 |   120 |       ||   155
       Punch             |       |     2 |     1 ||     3
Throw: Curare dart       |     2 |       |       ||     2
       Large rock        |       |     1 |       ||     1
       Javelin           |       |     5 |       ||     5
 Cast: Beastly Appendage |     1 |       |       ||     1
       Blade Hands       |       |     1 |       ||     1
       Spider Form       |       |       |     1 ||     1
  Use: Potion            |       |       |     1 ||     1
 Stab: Sleeping          |     1 |     5 |     1 ||     7
Armor: Robe              |     7 |    27 |    17 ||    51
Dodge: Dodged            |    27 |    49 |    72 ||   148
